Map: [ESL] Hard Lead

Players

DRG - Winner!

  • Race: Zerg Zerg
  • Spawn Location: 11:00

SHIN

  • Race: Zerg Zerg
  • Spawn Location: 5:00

Event: ESL SC2 Masters 2023 Winter (Finals)

VOD

Have the link to the VOD?

Description

Time

  • Played on: Dec. 15, 2023, 11:56 a.m.
  • Length: 6:52

All games in this series

Show
View Real Time Build Order
Export as new Build Order

DRG Zerg - Winner!

Build Orders: Hatch First 

Get SALT Encoding   

  12  0:00  Drone  
  13  0:11  Overlord  
  13  0:16  Drone  
  14  0:30  Drone x2  
  16  0:48  Hatchery  
  15  0:50  Drone  
  15  0:54  Drone  
  17  0:57  Drone  
  18  1:08  Extractor  
  17  1:12  Spawning Pool  
  17  1:16  Drone  
  17  1:18  Drone  
  18  1:27  Drone  
  19  1:37  Drone  
  20  1:48  Drone  
  21  1:59  Queen x2  
  21  2:00  Overlord  
  25  2:01  Drone  
  26  2:10  Drone x2, Metabolic Boost  
  28  2:20  Zergling x2  
  28  2:21  Zergling x2  
  30  2:31  Drone x2  
  32  2:38  Hatchery  
  32  2:42  Queen  
  33  2:48  Baneling Nest  
  32  2:51  Overlord  
  32  2:55  Drone  
  32  2:57  Drone  
  34  2:59  Drone  
  34  3:03  Drone  
  36  3:06  Overlord  
  36  3:11  Zergling x2  
  37  3:14  Zergling x4  
  37  3:18  Drone  
  37  3:19  Drone  
  41  3:22  Drone  
  41  3:24  Drone  
  41  3:26  Drone  
  44  3:32  Drone, Baneling  
  45  3:37  Drone  
  45  3:40  Roach Warren  
  44  3:44  Zergling x2  
  44  3:45  Zergling x6  
  48  3:49  Overlord  
  48  3:52  Overlord  
  48  3:57  Overlord  
  48  4:05  Overlord  
  48  4:07  Drone x3  
  48  4:08  Extractor  
  50  4:19  Roach  
  50  4:20  Roach x4  
  50  4:21  Roach  
  50  4:23  Roach  
  64  4:26  Baneling x3  
  64  4:29  Zergling x4  
  66  4:32  Zergling x4  
  66  4:35  Zergling x2  
  69  4:42  Zergling x8  
  70  4:48  Zergling x6  
  67  4:56  Zergling x6  
  67  5:00  Evolution Chamber  
  67  5:06  Drone x3  
  69  5:17  Roach x3  
  75  5:25  Overlord  
  75  5:27  Roach  
  79  5:28  Roach x4  
  79  5:33  Roach  
  84  5:36  Roach x2  
  84  5:40  Roach  
  84  5:41  Overlord  
  90  5:47  Roach x2  
  94  5:50  Roach x2  
  94  5:53  Overlord  
  94  5:55  Overlord  
  97  6:00  Roach x2  
  97  6:02  Roach  
  103  6:08  Zergling x2  
  103  6:09  Zergling x2  
  105  6:12  Baneling x2  
  105  6:15  Zergling x10  
  105  6:18  Zergling x2  
  111  6:24  Zergling x4  
  111  6:25  Zergling x6  
  115  6:29  Zergling x2  
  114  6:33  Zergling x8  
Show
View Real Time Build Order
Export as new Build Order

SHIN Zerg 

Build Orders: Hatch First 

Get SALT Encoding   

  12  0:00  Drone  
  13  0:12  Overlord  
  13  0:16  Drone  
  14  0:30  Drone x2  
  16  0:47  Hatchery  
  15  0:50  Drone  
  15  0:53  Drone  
  15  0:56  Drone  
  18  1:07  Extractor  
  17  1:12  Spawning Pool  
  17  1:15  Drone  
  17  1:18  Drone  
  18  1:27  Drone  
  19  1:38  Drone  
  20  1:50  Drone  
  21  1:59  Zergling x2, Queen x2  
  21  2:00  Overlord  
  26  2:07  Metabolic Boost  
  26  2:10  Drone x2  
  28  2:20  Drone  
  28  2:21  Drone  
  30  2:32  Hatchery  
  30  2:35  Drone  
  30  2:38  Drone  
  30  2:42  Drone  
  32  2:46  Baneling Nest  
  32  2:49  Overlord  
  31  2:53  Drone  
  32  3:01  Roach Warren  
  31  3:07  Zergling x2  
  31  3:08  Zergling x4  
  31  3:09  Zergling x2  
  35  3:13  Zergling x4  
  35  3:18  Overlord  
  37  3:22  Overlord  
  37  3:34  Baneling  
  37  3:41  Roach  
  37  3:42  Roach x2  
  37  3:45  Roach x3  
  37  3:47  Roach  
  50  3:51  Roach  
  52  3:56  Overlord  
  52  4:02  Zergling x6  
  55  4:07  Zergling x6  
  58  4:12  Zergling x4  
  58  4:16  Zergling x4  
  62  4:23  Baneling x3  
  62  4:25  Zergling x4  
  64  4:33  Zergling x4  
  64  4:34  Overlord  
  65  4:40  Zergling x2  
  61  4:46  Zergling x10  
  61  4:48  Zergling x2  
  61  4:51  Zergling x2  
  60  4:54  Zergling x2  
  60  4:55  Zergling x2  
  60  4:59  Drone x2  
  60  5:02  Drone  
  60  5:04  Drone  
  60  5:06  Drone  
  63  5:09  Baneling  
  63  5:10  Drone  
  63  5:12  Drone  
  65  5:14  Drone  
  66  5:23  Drone x3, Evolution Chamber  
  68  5:29  Queen  
  68  5:32  Overlord  
  68  5:34  Drone  
  69  5:38  Extractor  
  69  5:39  Roach  
  69  5:41  Roach  
  72  5:43  Overlord  
  72  5:46  Roach  
  74  5:54  Overlord  
  74  5:55  Overlord  
  74  6:00  Overlord  
  73  6:04  Roach  
  73  6:05  Roach  
  73  6:09  Roach  
  79  6:12  Roach  
  79  6:13  Roach  
  79  6:16  Overlord  
  85  6:18  Roach  
  85  6:22  Roach  
  84  6:28  Roach  
  84  6:29  Roach  
Tags
 
Add a new tag
Caveats
  • Supply blocks, unpowered buildings, or Contaminate may cause inaccurate times.
  • Supply counts are checked every 10 seconds.